 Dungeon Crawl Stone Soup version 0.30-a0-4-ga7cffc901d (webtiles) character file.

Game seed: 8106559393821163408

1146 siradein the Chopper (level 8, -3/71 HPs)
             Began as a Hill Orc Fighter on Aug 22, 2022.
             Slain by an ogre
             ... wielding a +0 giant club
              (10 damage)
             ... on level 5 of the Dungeon.
             The game lasted 00:09:54 (4687 turns).

siradein the Chopper (Hill Orc Fighter)             Turns: 4687, Time: 00:09:55

Health: -3/71      AC:  9    Str: 19    XL:     8   Next: 38%
Magic:  8/8        EV:  9    Int: 10    God:
Gold:   531        SH:  7    Dex: 10    Spells: 7/7 levels left

rFire   . . .      SeeInvis .    k - +0 broad axe
rCold   + . .      Faith    .    t - +2 buckler {AC+3}
rNeg    . . .      Spirit   .    b - +0 scale mail
rPois   .          Reflect  .    (no helmet)
rElec   .          Harm     .    m - +0 cloak
rCorr   .          Rampage  .    (no gloves)
Will    .....                    a - +0 pair of boots
Stlth   ..........               (no amulet)
HPRegen 0.21/turn                l - ring of protection from cold
MPRegen 0.11/turn                o - ring of flight

@: corroded, flying
A: no striking features
a: no special abilities


You were on level 5 of the Dungeon.
You visited 1 branch of the dungeon, and saw 5 of its levels.

You collected 848 gold pieces.
You spent 317 gold pieces at shops.

Inventory:

Hand Weapons
 k - a +0 broad axe (weapon)
Armour
 a - a +0 pair of boots (worn)
 b - a +0 scale mail (worn)
 m - a +0 cloak (worn)
 t - a +2 buckler of protection (worn)
Jewellery
 l - a ring of protection from cold (left hand)
 o - a ring of flight (right hand)
Scrolls
 e - a scroll of poison
 f - a scroll of summoning
 j - 5 scrolls of teleportation
 p - a scroll of torment
 q - a scroll of enchant armour {unknown}
 r - a scroll of identify
 s - a scroll of amnesia
 u - 3 scrolls of noise {unknown}
Potions
 c - a potion of magic {unknown}
 d - a potion of might
 g - a potion of ambrosia
 h - a potion of curing
 i - a potion of flight
 n - 2 potions of mutation


   Skills:
 + Level 6.8 Fighting
 + Level 6.9 Axes
 + Level 6.1 Armour
 + Level 6.2 Shields


You had 7 spell levels left.
You didn't know any spells.
Your spell library contained the following spells:

 Spells                   Type           Power      Damage    Failure   Level
 Gell's Gravitas          Tloc           0%         N/A       99%         3
 Inner Flame              Hex/Fire       0%         N/A       99%         3
 Teleport Other           Tloc           0%         N/A       99%         3
 Cause Fear               Hex            0%         N/A       100%        4
 Passage of Golubria      Tloc           0%         N/A       100%        4
 Silence                  Hex/Air        0%         N/A       100%        5
 Dispersal                Tloc           0%         N/A       100%        6
 Discord                  Hex            0%         N/A       100%        8
 Lehudib's Crystal Spear  Conj/Erth      0%         10d2      100%        8


Dungeon Overview and Level Annotations

Branches:
Dungeon (5/15)
 Temple: D:4-7

Altars:
Uskayaw
Xom

Shops:
D:3 [   D:4 ?


Message History

The scorpion completely misses you.
You slash the scorpion!
You kill the scorpion!
No target in view!
No target in view!
An ogre comes into view. It is wielding a +0 giant club.
A jelly comes into view.
The jelly quivers.
The ogre barely misses you.
You slash the ogre!
The ogre is heavily wounded.
The ogre hits you with a +0 giant club.
You hit the ogre but do no damage.
The ogre is heavily wounded.
You slash the jelly!
Your hands burn!
You block the jelly's attack. The jelly hits you but does no damage.
The ogre hits you with a +0 giant club!!
You hit the jelly. The acid corrodes you!
Your hands burn!
The jelly is severely wounded.
You slash the ogre! The jelly hits you but does no damage.
You barely miss the ogre.
The ogre is almost dead.
You hit the jelly.
Your hands burn!
The ogre hits you with a +0 giant club!!
* * * LOW HITPOINT WARNING * * *
You block the jelly's attack.
Unknown command.
You hit the ogre but do no damage.
The ogre is almost dead.
You hit the jelly.
Your hands burn!
* * * LOW HITPOINT WARNING * * *
The jelly barely misses you. The ogre hits you with a +0 giant club!
* * * LOW HITPOINT WARNING * * *
The jelly hits you but does no damage.
You barely miss the ogre.
The ogre is almost dead.
You slash the jelly!
You kill the jelly!
The ogre hits you with a +0 giant club!
You die...

.......## #..........#
....##..##.#.#######..#####
.........$.#
#..............
....###.####
#.####......... ....# ###
#..#...#..... ....# ....
#..#...#.#### ##### #...
#......#.# #...#.###..#
#....@.....# ......#O##..##
###.#.#.# .# # # #.# .# #.#
.. #.# .. ..# ###


You could see an ogre.

Vanquished Creatures
  Pikel (D:5)
  Edmund (D:4)
  An ice beast (D:3)
  A lemure (D:5)
  Blork the orc (D:4)
  A necrophage (D:4)
  A scorpion (D:5)
  A jelly (D:5)
  2 hounds
  8 gnolls
  8 adders
  3 worms
  A dart slug (D:1)
  2 orcs (D:4)
  10 endoplasms
  4 giant cockroaches
  4 goblins
  7 hobgoblins
  4 jackals (D:3)
  5 quokkas
  9 ball pythons
  7 bats
  2 frilled lizards (D:1)
  6 kobolds
  5 rats
95 creatures vanquished.

Notes
Turn   | Place    | Note
-------+----------+-------------------------------------------
     0 | D:1      | siradein the Hill Orc Fighter began the quest for the Orb.
     0 | D:1      | Reached XP level 1. HP: 19/19 MP: 1/1
    16 | D:1      | You fall into a shaft and drop 1 floor!
    90 | D:1      | Reached XP level 2. HP: 25/27 MP: 2/2
   377 | D:1      | Reached XP level 3. HP: 30/33 MP: 3/3
  1455 | D:2      | Reached XP level 4. HP: 40/40 MP: 4/4
  1874 | D:2      | Found a faded altar of an unknown god.
  2226 | D:3      | Found Ryiwufuq's Antique Armour Shoppe.
  2412 | D:3      | Reached XP level 5. HP: 47/47 MP: 5/5
  2543 | D:3      | Noticed an ice beast
  2557 | D:3      | Killed an ice beast
  2558 | D:3      | Reached skill level 5 in Fighting
  2696 | D:3      | Reached XP level 6. HP: 46/56 MP: 6/6
  3281 | D:4      | Reached skill level 5 in Axes
  3305 | D:4      | Found a hide-covered altar of Uskayaw.
  3315 | D:4      | Noticed a +0 hand axe
  3315 | D:4      | Noticed a +0 dagger
  3530 | D:4      | Noticed Blork the orc
  3545 | D:4      | Killed Blork the orc
  3546 | D:4      | Reached skill level 5 in Armour
  3546 | D:4      | Reached skill level 5 in Shields
  3546 | D:4      | Reached XP level 7. HP: 36/61 MP: 7/7
  3690 | D:4      | Noticed Edmund
  3699 | D:4      | Killed Edmund
  3938 | D:4      | Found a basalt altar of Yredelemnul.
  3941 | D:4      | Found a shimmering altar of Xom.
  3941 | D:4      | Found a shimmering altar of Xom.
  3943 | D:4      | Found a snail-covered altar of Cheibriados.
  3943 | D:4      | Found an ancient bone altar of Kikubaaqudgha.
  3943 | D:4      | Found a stormy altar of Qazlal.
  4022 | D:4      | Found Dumoicw's Magic Scroll Shoppe.
  4027 | D:4      | Bought a scroll of identify for 26 gold pieces
  4027 | D:4      | Bought a scroll of identify for 26 gold pieces
  4027 | D:4      | Bought a scroll of identify for 26 gold pieces
  4027 | D:4      | Bought a scroll of amnesia for 52 gold pieces
  4029 | D:4      | Identified a scroll of acquirement
  4106 | D:5      | Entered Level 5 of the Dungeon
  4107 | D:5      | Acquired 657 gold pieces
  4200 | D:3      | Bought a glowing buckler for 187 gold pieces
  4544 | D:5      | Noticed Pikel
  4564 | D:5      | Killed Pikel
  4565 | D:5      | Reached XP level 8. HP: 66/71 MP: 8/8
  4687 | D:5      | Slain by an ogre

Illustrated notes

Levels and vault maps discovered:
D:1:      mrwooster_arrival_statue_3, layout_basic,
          kennysheep_decorative_pillar, kennysheep_small_spiral,
          serial_bayou_pond_d, dreamdust_princess_corridor
D:2:      layout_loops_ring, shapermc_ecumenical_altar_notcrosses,
          kennysheep_generic_room_8
D:3:      layout_basic, serial_shops, shop, kennysheep_generic_room_14
D:4:      layout_rooms, dancing_weapons_uskayaw, doesnt_xom_only_xom,
          serial_shops, kennysheep_little_box, uniq_blork_the_orc, uniq_edmund
D:5:      layout_basic, uniq_pikel

Skill      XL: |  1  2  3  4  5  6  7 |
---------------+----------------------+-----
Axes           | 3 4 5 6 |  6.9
Fighting       | 4 5 6 |  6.8
Shields        | 4 5 6 |  6.2
Armour         | 4 5 6 |  6.1

Action                   |  1- 3 |  4- 6 |  7- 9 || total
-------------------------+-------+-------+-------++-------
Melee: War axe           |   102 |   134 |       ||   236
       Broad axe         |       |    27 |    51 ||    78
  Use: Scroll            |       |     9 |     5 ||    14
       Potion            |       |       |     1 ||     1
Armor: Scale mail        |    42 |    75 |    24 ||   141
Dodge: Dodged            |    42 |    81 |    15 ||   138
Block: Buckler           |    24 |    40 |    28 ||    92

Table legend: (Time is in decaauts)
 A = Elapsed time spent in this place.
 B = Non-inter-level travel time spent in this place.
 C = Inter-level travel time spent in this place.
 D = Time resting spent in this place.
 E = Time spent auto-exploring this place.
 F = Levels seen in this place.
 G = Mean time per level.
                   A        B        C        D        E       F      G
               +--------+--------+--------+--------+--------+-----+--------+
         Total |   4815 |   4660 |    155 |    158 |   3619 |   5 |  963.0 |
       Dungeon |   4815 |   4660 |    155 |    158 |   3619 |   5 |  963.0 |
               +--------+--------+--------+--------+--------+-----+--------+

Top non-repeatable levels by time:
     D:3: 1170 daAuts
     D:1: 1137 daAuts
     D:4: 1022 daAuts
     D:2: 959 daAuts
     D:5: 525 daAuts
